 Dungeon Crawl Stone Soup version 0.31-a0-1511-g961fd35ebc (webtiles) character file.

Game seed: 11217614008420151165

116895 Colgate the Champion of Chaos (level 16, 0/141 HPs)
             Began as a Demonspawn Gladiator on Dec 30, 2023.
             Was the Champion of Makhleb.
             Slain by a skeletal warrior
             ... wielding a +1 halberd of flaming
              (1 damage)
             ... on level 15 of the Dungeon.
             The game lasted 02:00:25 (28077 turns).

Colgate the Champion of Chaos (DsGl)               Turns: 28077, Time: 02:00:26

Health: 0/141      AC: 19    Str: 40    XL:     16   Next: 22%
Magic:  29/29      EV:  9    Int: 12    God:    Makhleb [******]
Gold:   3007       SH:  0    Dex: 12    Spells: 15/15 levels left

rFire   + . .        a - +5 quick blade (venom)
rCold   . . .        (no shield)
rNeg    + . .        d - +3 plate armour {rPois}
rPois   +            (helmet restricted)
rElec   .            (cloak unavailable)
rCorr   .            S - +0 pair of gloves
SInv    .            j - +0 pair of boots of Kesapsua {Rampage Str+3}
Will    +....        g - amulet of Pyegg {Acrobat rF+ Regen+ Int+3} Stlth
                     J - ring of the Chimera {rN+ Str+8 Dex-2}
HPRegen 1.23/turn    R - +6 ring of strength
MPRegen 0.21/turn

%: acrobat, rampage
@: no status effects
A: horns 2, icemail 2, powered by death 1, condensation shield, weakness stinger
3, demonic touch 1
a: Renounce Religion, Minor Destruction, Lesser Servant of Makhleb, Major
Destruction, Greater Servant of Makhleb


You were on level 15 of the Dungeon.
You worshipped Makhleb.
Makhleb was exalted by your worship.
You visited 4 branches of the dungeon, and saw 23 of its levels.
You also visited: Ossuary and Gauntlet.

You collected 3427 gold pieces.
You spent 420 gold pieces at shops.

Inventory:

Hand Weapons
 a - a +5 quick blade of venom (weapon)
Missiles
 f - 3 atropa-tipped darts
 k - 6 curare-tipped darts
 l - 20 javelins
 o - 29 poisoned darts
 p - a throwing net {!f}
 z - 5 silver javelins
 A - 2 datura-tipped darts
 K - 16 boomerangs
Armour
 d - a +3 plate armour of poison resistance (worn)
 j - the +0 pair of boots of Kesapsua (worn) {Rampage Str+3}
   (You found it in a Gauntlet)

   Str+3:     It affects your strength (+3).
   Rampage:   It bestows one free step when moving towards enemies.
 S - a +0 pair of gloves (worn)
Jewellery
 b - a ring of ice
 g - the amulet of Pyegg (around neck) {Acrobat rF+ Regen+ Int+3}
   (You acquired it on level 9 of the Dungeon)

   [amulet of the acrobat]

   Acrobat:   It increases your evasion while moving and waiting.
   Int+3:     It affects your intelligence (+3).
   rF+:       It protects you from fire.
   Regen+:    It increases your rate of health regeneration.
 r - a +6 ring of intelligence
 I - a ring of positive energy
 J - the ring of the Chimera (left hand) {rN+ Str+8 Dex-2}
   (You found it on level 5 of the Lair of Beasts)

   [ring of positive energy]

   Str+8:     It affects your strength (+8).
   Dex-2:     It affects your dexterity (-2).
   rN+:       It protects you from negative energy.
 L - a ring of resist corrosion
 N - a ring of fire
 R - a +6 ring of strength (right hand)
Wands
 c - a wand of polymorph (13)
 n - a wand of iceblast (10) {@v2}
 x - a wand of flame (50)
 y - a wand of digging (8) {@v3}
 C - a wand of charming (10)
 M - a wand of mindburst (7)
 P - a wand of light (6) {@v1}
Scrolls
 h - 5 scrolls of fear
 t - 2 scrolls of amnesia
 v - 2 scrolls of butterflies
 w - 9 scrolls of teleportation {@r3}
 B - a scroll of torment
 D - a scroll of identify {@r1}
 G - 3 scrolls of noise
 O - 3 scrolls of vulnerability
 T - a scroll of poison
 V - a scroll of revelation
 X - a scroll of blinking {@r4}
Potions
 e - 5 potions of heal wounds {@q2}
 i - 2 potions of haste {@q4}
 q - a potion of magic {unknown}
 s - 2 potions of attraction
 u - 8 potions of ambrosia
 E - a potion of brilliance
 F - 12 potions of curing {@q1}
 H - 5 potions of enlightenment
 U - a potion of invisibility
 W - 8 potions of lignification
 Y - 5 potions of might {@q3}
 Z - 2 potions of mutation
Miscellaneous
 m - a phantom mirror
 Q - a phial of floods


   Skills:
 + Level 17.2 Fighting
 - Level 14.0 Short Blades
 - Level 3.8 Staves
 - Level 1.7 Throwing
 - Level 8.8 Armour
 - Level 2.6 Dodging
 - Level 2.9 Stealth
 - Level 4.3 Unarmed Combat
 - Level 19.0 Invocations
 - Level 3.1 Evocations


You had 15 spell levels left.
You didn't know any spells.
Your spell library contained the following spells:

 Spells                   Type           Power      Damage    Failure   Level
 Apportation              Tloc           0%         N/A       83%         1
 Foxfire                  Conj/Fire      0%         2x1d4     83%         1
 Sting                    Conj/Alch      0%         1d3       83%         1
 Cigotuvi's Dreadful Rot  Necr/Alch/Air  0%         N/A       93%         2
 Jinxbite                 Hex            0%         N/A       93%         2
 Mercury Vapours          Alch/Air       0%         N/A       93%         2
 Dazzling Flash           Conj/Hex       0%         N/A       99%         3
 Mephitic Cloud           Conj/Alch/Air  0%         N/A       99%         3
 Swiftness                Air            0%         N/A       99%         3
 Animate Armour           Summ/Erth      0%         N/A       100%        4
 Cause Fear               Hex            0%         N/A       100%        4
 Dispel Undead            Necr           0%         3d6       100%        4
 Leda's Liquefaction      Alch/Erth      0%         N/A       100%        4
 Martyr's Knell           Necr/Summ      0%         N/A       100%        4
 Olgreb's Toxic Radiance  Alch           0%         N/A       100%        4
 Alistair's Intoxication  Alch           0%         N/A       100%        5
 Curse of Agony           Necr           0%         N/A       100%        5
 Fireball                 Conj/Fire      0%         3d3       100%        5
 Lee's Rapid Deconstruct  Erth           0%         3d4*      100%        5
 Silence                  Hex/Air        0%         N/A       100%        5
 Bombard                  Conj/Erth      0%         9d1       100%        6
 Death Channel            Necr           0%         N/A       100%        6
 Starburst                Conj/Fire      0%         6d3       100%        6
 Ignition                 Fire           0%         3d3       100%        8
 Maxwell's Capacitive Co  Air            0%         ∞         100%        8
 Dragon's Call            Summ           0%         N/A       100%        9


Dungeon Overview and Level Annotations

Branches:
Dungeon (15/15)            Temple (1/1) D:4            Lair (5/5) D:9
 Shoals (0/4) Lair:3        Snake (0/4) Lair:2        Slime (0/5) Lair:5
    Orc (2/2) D:12            Elf (0/3) Orc:2        Vaults (0/5) D:13
 Depths (0/4) D:15        Ossuary (visited)         Gauntlet (visited)

Altars:
Ashenzari
Cheibriados
Dithmenos
Fedhas
Gozag
Hepliaklqana
Kikubaaqudgha
Makhleb
Nemelex Xobeh
Okawaru
Qazlal
Ru
Sif Muna
Trog
Uskayaw
Vehumet
Wu Jian
Xom
Yredelemnul
Jiyva

Shops:
D:2 [   Orc:2 (*:([

Annotations:
D:11 3 runed translucent doors, MainBain's ghost, journeyman MiBe; fly's ghost, journeyman KoDe


Innate Abilities, Weirdness & Mutations

You have a pair of horns on your head.
A meltable icy envelope protects you from harm. (AC +0)
You regenerate a little health from kills.
A meltable shield of frost defends you. (SH +0)
You have a sharp stinger which inflicts weakening toxins.
Your touch may inflict minor irresistible damage on your foes.


Message History

The skeletal warrior hits you but does no damage.
The skeletal warrior hits you with a +0 long sword.
The skeletal warrior hits you from afar with a +1 halberd of flaming!
You hit the skeletal warrior but do no damage.
Your headbutt misses the skeletal warrior.
You hit the skeletal warrior. You tail-slap the skeletal warrior!
You hit the skeletal warrior but do no damage.
Your tail-slap misses the skeletal warrior.
You touch the skeletal warrior!
You hit the skeletal warrior but do no damage.
You tail-slap the skeletal warrior, but do no damage.
The skeletal warrior hits you but does no damage.
The skeletal warrior hits you from afar with a +1 halberd of flaming.
You rampage towards the skeletal warrior!
You hit the skeletal warrior. You headbutt the skeletal warrior.
You hit the skeletal warrior but do no damage.
You headbutt the skeletal warrior!
Your tail-slap misses the skeletal warrior.
You barely miss the skeletal warrior. Your touch misses the skeletal warrior.
Your punch misses the skeletal warrior. You closely miss the skeletal warrior.
Your headbutt misses the skeletal warrior.
You tail-slap the skeletal warrior, but do no damage.
The skeletal warrior hits you with a +0 trident!
* * * LOW HITPOINT WARNING * * *
The skeletal warrior hits you with a +0 long sword!
* * * LOW HITPOINT WARNING * * *
The skeletal warrior barely misses you.
You hit the skeletal warrior but do no damage.
You headbutt the skeletal warrior!
You touch the skeletal warrior!
You hit the skeletal warrior but do no damage.
You barely miss the skeletal warrior. You hit the skeletal warrior.
Your touch misses the skeletal warrior.
The skeletal warrior hits you with a +0 trident!
* * * LOW HITPOINT WARNING * * *
The skeletal warrior hits you with a +0 long sword!
* * * LOW HITPOINT WARNING * * *
The skeletal warrior hits you with a +1 halberd of flaming.
* * * LOW HITPOINT WARNING * * *
The skeletal warrior burns you.
You die...

#...........#
#...[.......#
#.#########.# +.
#.########
#........#
#........#
#........# ....
#....z...# ....##
#..z@....#
......#
##...z....#
......#
#.........#
.....#
#..########
#..######..#
#........^.#
#..........#
#............#
####......#######


You could see 3 skeletal warriors.

Vanquished Creatures
  An orc warlord (Orc:2)
  A stone giant (Orc:2)
  3 dire elephants (Lair:5)
  A minotaur (Gauntlet)
  3 ettins (Orc:2)
  Harold (D:11)
  Erolcha (D:10)
  A rakshasa (D:14)
  A great orb of eyes (Gauntlet)
  3 hydras
  4 catoblepae
  10 centaur warriors
  8 two-headed ogres
  5 death yaks
  Urug (D:11)
  A spectral death yak (Lair:5)
  3 skeletal warriors (D:15)
  4 skysharks
  Lodul (D:14)
  A spark wasp zombie (D:15)
  A spectral anaconda (Lair:5)
  An obsidian statue (Lair:5)
  A lindwurm (Lair:5)
  3 arcanists
  A flayed ghost (D:15)
  3 orc knights
  2 deep elf pyromancers
  Pikel (D:6)
  2 orc sorcerers
  Maurice (D:9)
  5 necromancers
  An oklob plant (Lair:5)
  2 manticores
  17 ugly things
  11 cyclopes
  23 elephants
  A black mamba (shapeshifter) (D:13)
  A kobold blastminer (Orc:2)
  A merfolk siren (Lair:3)
  3 meliai (D:13)
  2 torpor snails
  An ice statue (Gauntlet)
  A gargoyle (D:11)
  17 black mambas
  A dire elephant skeleton (Lair:5)
  Jeremiah (D:9)
  A kobold demonologist (D:10)
  12 cane toads
  A freezing wraith (D:15)
  An unseen horror (D:12)
  5 rime drakes
  A komodo dragon (Lair:4)
  A tengu conjurer (D:15)
  6 trolls
  A queen bee (D:9)
  3 merfolk (Lair:3)
  A polar bear (Lair:5)
  Prince Ribbit (D:9)
  A hornet (D:7)
  23 blink frogs
  A spriggan zombie (D:15)
  18 dream sheep
  A spriggan skeleton (D:15)
  2 shadows
  8 wyverns
  2 wraiths
  44 yaks
  A warg (shapeshifter) (D:13)
  6 wargs
  7 vampire mosquitoes
  Grum (D:11)
  2 basilisks
  Menkaure (Ossuary)
  A spectral cane toad (Lair:5)
  18 water moccasins
  A harpy simulacrum (D:15)
  An acid dragon (D:12)
  23 orc warriors
  3 ice beasts
  A sky beast (D:6)
  4 black bears
  17 centaurs
  7 ogres
  An ogre (shapeshifter) (D:13)
  33 wolves
  A phantom (D:4)
  2 lemures (D:6)
  2 kobold brigands
  10 bullfrogs
  A gnoll sergeant (D:11)
  2 scorpions
  A cane toad simulacrum (Lair:5)
  3 wights (D:6)
  A hornet simulacrum (D:14)
  2 elephant simulacra (Lair:5)
  28 killer bees (D:9)
  3 electric eels (Lair:2)
  5 howler monkeys
  3 hounds
  2 jellies
  12 orc priests
  A gnoll bouda (D:8)
  Terence (D:2)
  3 iguanas
  4 sleepcaps
  Natasha (thrice) (D:2 D:1)
  20 orc wizards
  6 hell rats (Lair:2)
  3 mummies (Ossuary)
  19 gnolls
  5 adders
  4 shadow imps
  2 white imps
  4 dart slugs
  2 ribbon worms
  59 orcs
  4 bats
  8 endoplasms
  A giant cockroach (D:1)
  8 goblins
  4 hobgoblins
  2 jackals (D:1)
  20 kobolds
  6 quokkas
  3 training dummies (Orc:2)
  7 ball pythons
  A frilled lizard (D:3)
  4 gnoll skeletons (Ossuary)
  3 gnoll zombies (Ossuary)
  A goblin skeleton (Ossuary)
  4 goblin zombies (Ossuary)
  3 hobgoblin skeletons (Ossuary)
  4 hobgoblin zombies (Ossuary)
  5 kobold skeletons (Ossuary)
  6 kobold zombies (Ossuary)
  4 orc skeletons (Ossuary)
  4 orc zombies (Ossuary)
  2 quokka zombies (D:5)
  7 rats
  8 rat skeletons (Ossuary)
  4 rat zombies (Ossuary)
757 creatures vanquished.

Vanquished Creatures (collateral kills)
  Rupert (Lair:3)
  3 black mambas (Lair:3)
  2 cane toads (Lair:3)
  A komodo dragon (Lair:3)
  5 dream sheep (Lair:3)
  A basilisk (Lair:3)
  6 yaks (Lair:3)
  A water moccasin (Lair:3)
  3 ogres (D:14)
  A centaur (D:14)
24 creatures vanquished.

Vanquished Creatures (others)
  An ogre (D:14)
1 creature vanquished.

Grand Total: 782 creatures vanquished

Notes
Turn   | Place    | Note
-------+----------+-------------------------------------------
     0 | D:1      | Colgate the Demonspawn Gladiator began the quest for the
                  | Orb.
     0 | D:1      | Reached XP level 1. HP: 16/16 MP: 1/1
   153 | D:1      | Gained mutation: You regenerate a little health from kills.
                  | [demonic ancestry]
   153 | D:1      | Reached XP level 2. HP: 20/22 MP: 2/2
   404 | D:1      | Discovered your monstrous ancestry.
   404 | D:1      | Gained mutation: You have a pair of small horns on your
                  | head. [demonic ancestry]
   404 | D:1      | Reached XP level 3. HP: 16/27 MP: 3/3
   752 | D:2      | Found Asteoli's Armour Shoppe.
   976 | D:2      | Reached skill level 1 in Unarmed Combat
  1210 | D:2      | Noticed Terence
  1236 | D:2      | Killed Terence
  1237 | D:2      | Gained mutation: You have a small tail. [demonic ancestry]
  1237 | D:2      | Reached XP level 4. HP: 21/33 MP: 4/4
  1319 | D:2      | Noticed Natasha
  1332 | D:2      | Killed Natasha
  1933 | D:2      | Noticed Natasha
  1991 | D:1      | Killed Natasha
  1992 | D:1      | Gained mutation: You have a tail ending in a sharp stinger.
                  | [demonic ancestry]
  1992 | D:1      | Reached XP level 5. HP: 26/38 MP: 5/5
  2032 | D:1      | Noticed Natasha
  2044 | D:1      | Killed Natasha
  2912 | D:2      | Found Asteoli's Armour Shoppe.
  3384 | D:3      | Found a radiant altar of Vehumet.
  3895 | D:3      | Found a radiant altar of Vehumet.
  4502 | D:4      | Found a staircase to the Ecumenical Temple.
  4528 | D:4      | Reached XP level 6. HP: 34/46 MP: 6/6
  4726 | Temple   | Entered the Ecumenical Temple
  4837 | Temple   | Became a worshipper of Makhleb the Destroyer
  4904 | D:4      | Reached skill level 1 in Short Blades
  5134 | D:4      | Gained mutation: A meltable shield of frost defends you.
                  | (SH +0) [demonic ancestry]
  5134 | D:4      | Reached XP level 7. HP: 40/52 MP: 7/7
  5562 | D:5      | Entered Level 5 of the Dungeon
  5762 | D:5      | Reached skill level 5 in Short Blades
  6142 | D:5      | Found a sand-covered staircase.
  6149 | Ossuary  | Entered an ossuary
  6173 | Ossuary  | Reached * piety under Makhleb
  6447 | Ossuary  | Reached ** piety under Makhleb
  6468 | Ossuary  | Gained mutation: Your touch may inflict minor irresistible
                  | damage on your foes. [demonic ancestry]
  6468 | Ossuary  | Reached XP level 8. HP: 54/58 MP: 8/8
  6472 | Ossuary  | Noticed Menkaure
  6488 | Ossuary  | Killed Menkaure
  6874 | D:5      | Found a blossoming altar of Fedhas.
  7315 | D:2      | Bought a +2 chain mail of cold resistance for 258 gold
                  | pieces
  7755 | D:6      | Noticed Pikel
  7768 | D:6      | Killed Pikel
  7769 | D:6      | Gained mutation: You have a pair of horns on your head.
                  | [demonic ancestry]
  7769 | D:6      | Reached XP level 9. HP: 24/64 MP: 9/9
  7900 | D:6      | Reached *** piety under Makhleb
  8161 | D:7      | Reached skill level 10 in Short Blades
  8217 | D:7      | Reached skill level 1 in Stealth
  8249 | D:7      | Found an iron altar of Okawaru.
  8331 | D:7      | Reached skill level 2 in Invocations
  8333 | D:7      | Reached skill level 4 in Invocations
  8336 | D:7      | Reached skill level 5 in Invocations
  8442 | D:7      | Reached XP level 10. HP: 70/70 MP: 13/13
  8714 | D:7      | Paralysed by a hornet for 2 turns
  8757 | D:7      | Found a basalt altar of Yredelemnul.
  9124 | D:7      | Found an iron altar of Okawaru.
  9311 | D:7      | Found a basalt altar of Yredelemnul.
  9561 | D:8      | You fall into a shaft and drop 2 floors!
  9561 | D:10     | Entered Level 10 of the Dungeon
  9690 | D:9      | Noticed Prince Ribbit
  9706 | D:9      | Killed Prince Ribbit
  9735 | D:9      | Identified a scroll of acquirement
  9736 | D:9      | Acquired the amulet of Pyegg {Acrobat rF+ Regen+ Int+3}
  9764 | D:9      | Found a staircase to the Lair.
  9909 | D:9      | Noticed a two-headed ogre
  9919 | D:9      | Killed a two-headed ogre
 10004 | D:9      | Reached **** piety under Makhleb
 10130 | D:9      | Noticed Maurice
 10533 | D:8      | Gained mutation: A meltable icy envelope protects you from
                  | harm. (AC +0) [demonic ancestry]
 10533 | D:8      | Reached XP level 11. HP: 75/75 MP: 14/14
 10792 | D:9      | Something stole a ring of fire
 10905 | D:9      | Found a shimmering blue altar of Sif Muna.
 11119 | D:9      | Found a staircase to the Lair.
 11138 | D:9      | Noticed Jeremiah
 11175 | D:9      | Killed Jeremiah
 11268 | D:9      | Found a shimmering blue altar of Sif Muna.
 11414 | D:9      | Something stole a +0 kite shield
 11430 | D:9      | Something stole 310 gold
 11437 | D:9      | Killed Maurice
 11600 | D:10     | Found a shimmering altar of Xom.
 11601 | D:10     | Noticed Erolcha
 11677 | D:10     | Reached skill level 6 in Invocations
 11682 | D:10     | Reached ***** piety under Makhleb
 11720 | D:10     | Noticed a two-headed ogre
 11726 | D:10     | Killed a two-headed ogre
 11830 | D:10     | Reached skill level 5 in Fighting
 11852 | D:10     | Noticed a two-headed ogre
 11865 | D:10     | Killed a two-headed ogre
 11930 | D:10     | Killed Erolcha
 12345 | D:10     | Found a sparkling altar of Nemelex Xobeh.
 12486 | D:11     | Noticed Harold
 12502 | D:11     | Killed Harold
 12654 | D:11     | Noticed Urug
 12675 | D:11     | Killed Urug
 12676 | D:11     | Reached skill level 7 in Invocations
 12728 | D:11     | Reached skill level 1 in Evocations
 12837 | D:11     | Noticed Grum
 12870 | D:11     | Killed Grum
 12953 | D:11     | Found a runed translucent gate.
 12954 | D:11     | Found a runed translucent gate.
 12955 | D:11     | Found a runed translucent gate.
 12956 | D:11     | Noticed fly's ghost (journeyman KoDe)
 12956 | D:11     | Noticed MainBain's ghost (journeyman MiBe)
 13541 | D:12     | Noticed a catoblepas
 13556 | D:12     | Killed a catoblepas
 13557 | D:12     | Reached XP level 12. HP: 73/94 MP: 17/17
 13581 | D:12     | Noticed a two-headed ogre
 13590 | D:12     | Killed a two-headed ogre
 13870 | D:12     | Found a hide-covered altar of Uskayaw.
 13963 | D:12     | Found a staircase to the Orcish Mines.
 14245 | D:12     | Reached skill level 10 in Fighting
 14801 | D:12     | Noticed a centaur warrior
 14817 | D:12     | Killed a centaur warrior
 15004 | D:12     | Reached skill level 1 in Armour
 15168 | Lair:1   | Entered Level 1 of the Lair of Beasts
 15407 | Lair:1   | Identified the +0 helmet "Poicojoi" {Int+8}
 15459 | Lair:1   | Reached skill level 5 in Armour
 16179 | Lair:2   | Gained mutation: A meltable icy envelope protects you from
                  | harm. (AC +0) [demonic ancestry]
 16179 | Lair:2   | Reached XP level 13. HP: 104/104 MP: 18/18
 16415 | Lair:2   | Reached ****** piety under Makhleb
 16418 | Lair:2   | Found a staircase to the Snake Pit.
 16589 | Lair:2   | Reached skill level 8 in Invocations
 16719 | Lair:2   | Reached skill level 9 in Invocations
 17626 | Lair:3   | Noticed Rupert
 17635 | Lair:2   | Reached skill level 10 in Invocations
 17863 | Lair:2   | Found a staircase to the Snake Pit.
 18532 | Lair:3   | Noticed an Executioner
 18712 | Lair:3   | Reached skill level 11 in Invocations
 18742 | Lair:3   | Killed Rupert
 18743 | Lair:3   | Reached skill level 12 in Invocations
 18839 | Lair:3   | Reached skill level 13 in Invocations
 19125 | Lair:3   | Reached skill level 14 in Invocations
 19141 | Lair:3   | Reached XP level 14. HP: 113/113 MP: 24/24
 19405 | Lair:3   | Found a staircase to the Shoals.
 19695 | Lair:4   | Reached skill level 15 in Invocations
 20370 | Lair:5   | Entered Level 5 of the Lair of Beasts
 20558 | Lair:5   | Found a staircase to the Slime Pits.
 20560 | Lair:5   | Found a viscous altar of Jiyva.
 21613 | Lair:5   | Reached skill level 16 in Invocations
 21869 | Lair:5   | Identified the ring of the Chimera {rN+ Str+8 Dex-2}
 21960 | Lair:5   | Reached skill level 17 in Invocations
 22005 | Lair:5   | Gained mutation: You have a sharp stinger which inflicts
                  | weakening toxins. [demonic ancestry]
 22005 | Lair:5   | Reached XP level 15. HP: 93/121 MP: 27/27
 22303 | Orc:1    | Entered Level 1 of the Orcish Mines
 23219 | Orc:1    | Acquired 829 gold pieces
 23269 | Orc:2    | Entered Level 2 of the Orcish Mines
 23269 | Orc:2    | Found Opymn's Firing Range.
 23379 | Orc:2    | Found a staircase to the Elven Halls.
 23406 | Orc:2    | Found Siadum's General Store.
 23441 | Orc:2    | Reached skill level 18 in Invocations
 23448 | Orc:2    | Found Matetsirpho's Book Shop.
 23837 | Orc:2    | Found Biontowe's Antique Armour Boutique.
 24030 | Orc:2    | Found Jaono's Antique Weapon Shoppe.
 24119 | Orc:2    | Reached skill level 19 in Invocations
 24323 | Orc:2    | Found a staircase to the Elven Halls.
 24325 | Orc:2    | Found Siadum's General Store.
 24342 | Orc:2    | Found Biontowe's Antique Armour Boutique.
 24492 | Orc:2    | Found Jaono's Antique Weapon Shoppe.
 24559 | Orc:2    | Found Opymn's Firing Range.
 24688 | Orc:2    | Found Matetsirpho's Book Shop.
 24946 | Orc:2    | Bought a scroll of identify for 26 gold pieces
 24946 | Orc:2    | Bought a scroll of teleportation for 39 gold pieces
 24946 | Orc:2    | Bought a scroll of enchant weapon for 97 gold pieces
 25817 | D:13     | Found a gate to the Vaults.
 25997 | D:14     | Reached skill level 15 in Fighting
 26069 | D:14     | Found a gate leading to a gauntlet.
 26115 | Gauntlet | Entered a Gauntlet
 26115 | Gauntlet | Found a transporter.
 26124 | Gauntlet | Found a transporter.
 26139 | Gauntlet | Found a transporter.
 26144 | Gauntlet | Found a transporter.
 26159 | Gauntlet | Found a transporter.
 26178 | Gauntlet | Found a transporter.
 26190 | Gauntlet | Found a transporter.
 26202 | Gauntlet | Found a transporter.
 26214 | Gauntlet | Found a transporter.
 26226 | Gauntlet | Found a transporter.
 26243 | Gauntlet | Found a transporter.
 26261 | Gauntlet | Found a transporter.
 26263 | Gauntlet | Found a transporter.
 26290 | Gauntlet | Found a transporter.
 26310 | Gauntlet | Found a transporter.
 26388 | Gauntlet | Found a transporter.
 26408 | Gauntlet | Found a transporter.
 26511 | Gauntlet | Found a transporter.
 26629 | Gauntlet | Got Sif Muna's Atlas of the Shocking Ground
 26634 | Gauntlet | Identified the +0 pair of boots of Kesapsua {Rampage Str+3}
 26650 | Gauntlet | Identified the +6 trident of the Shifting Gods {elec,
                  | *Corrode rF+ Str+5}
 26669 | Gauntlet | Got Sif Muna's Omnibus of the Plateau and Lava
 26676 | Gauntlet | Identified the +2 robe "Justoth" {+Blink rN+ Will+ Slay+2}
 26799 | D:14     | Noticed Lodul
 26806 | D:14     | Killed Lodul
 27192 | D:14     | Found a bloodstained altar of Trog.
 27623 | D:15     | Entered Level 15 of the Dungeon
 27658 | D:15     | Reached XP level 16. HP: 120/139 MP: 29/29
 27667 | D:15     | Found a staircase to the Depths.
 28077 | D:15     | HP: 6/141 [skeletal warrior/+0 long sword (17)]
 28077 | D:15     | HP: 1/141 [skeletal warrior/+1 halberd of flaming (5)]
 28077 | D:15     | Slain by a skeletal warrior

Illustrated notes

Levels and vault maps discovered:
D:1:      dpeg_arrival_rooms_b, layout_basic, minmay_door_square,
          nicolae_grassy_gnolls
D:2:      layout_loops_cross, serial_shops, nicolae_shop_peninsula,
          uniq_terence, uniq_natasha
D:3:      layout_basic, amcnicky_altar_gilded
D:4:      layout_cave_pods, minmay_temple_entry_grid
D:5:      layout_rooms, kennysheep_mini, enter_ossuary_4,
          minmay_tree_intersection, minmay_misc_feat_rugged
D:6:      layout_loops_ring, old_standard_altar, uniq_pikel
D:7:      layout_basic, nicolae_overflow_hidden_temple,
          mainiacjoe_overflow_alcove_2
D:8:      kennysheep_six_static_rooms, layout_cave_pools
D:9:      layout_rooms, lemuel_coloured_pillars_altar, dpeg_oklobed_lair,
          special_room [special_room_bee], serial_library_hellmonk_room_a,
          dreamdust_wishing_well, uniq_prince_ribbit1, uniq_jeremiah,
          uniq_maurice
D:10:     layout_basic, nemelex_diamond_rough_becter,
          nicolae_overflow_crystal_walls, uniq_erolcha
D:11:     layout_stronghold, gammafunk_ghost_cemetery, minivault_24, uniq_urug,
          uniq_harold, uniq_grum
D:12:     layout_irregular_city, orc_0_dummy,
          nicolae_uskayaw_murder_on_the_dancefloor
D:13:     layout_loops_ring, david_vaults_1, zin_angel
D:14:     layout_roguey, lemuel_tele_altar, gauntlet_entry_generic, uniq_lodul
D:15:     gammafunk_depths_entry_grave, layout_irregular_city,
          minmay_misc_feat_rows, lemuel_blue_sif_altar
Temple:   nicolae_temple_bog_church
Lair:1:   layout_cellular_growth
Lair:2:   layout_small_grid, minmay_snake_entry_six_corridors,
          serial_bayou_shore_a
Lair:3:   layout_regular_city, elwin_shoals_entry_stream,
          chequers_serial_rivers_micro_c, grunt_megastairs_5, uniq_rupert
Lair:4:   layout_roguey, lookout_lair_type
Lair:5:   due_jungle_book, layout_regular_city, slime_entry_1,
          nicolae_lair_yak_garden
Orc:1:    layout_caves, lightli_church_of_beogh
Orc:2:    grunt_orc_gardens, layout_caves, grunt_orc_garden, grunt_orc_garden,
          grunt_orc_garden, grunt_orc_garden, basic_altar,
          nicolae_shop_firing_range

Skill      XL: |  1  2  3  4  5  6  7  8  9 10 11 12 13 14 15 16 |
---------------+-------------------------------------------------+-----
Staves         | 3 |  3.8
Unarmed Combat | 2 3 4 |  4.3
Fighting       | 3 8 10 11 13 16 17 | 17.2
Short Blades   | 3 5 9 10 13 14 | 14.0
Stealth        | 2 |  2.9
Invocations    | 5 7 14 17 19 | 19.0
Evocations     | 3 |  3.1
Armour         | 7 8 |  8.8
Throwing       | |  1.7
Dodging        | |  2.6

Action                     |  1- 3 |  4- 6 |  7- 9 | 10-12 | 13-15 | 16-18 || total
---------------------------+-------+-------+-------+-------+-------+-------++-------
  Melee: Quarterstaff      |    99 |    42 |       |       |       |       ||   141
         Headbutt          |     2 |    41 |   126 |   228 |   587 |    63 ||  1047
         Unarmed           |       |    31 |       |     4 |       |       ||    35
         Tailslap          |       |    29 |    87 |   176 |   362 |    50 ||   704
         Quick blade       |       |   121 |   492 |  1103 |  1645 |   210 ||  3571
         Punch             |       |     7 |    14 |    44 |    76 |    11 ||   152
         Touch             |       |       |    68 |   185 |   411 |    47 ||   711
  Throw: Throwing net      |     6 |       |     3 |       |     3 |       ||    12
         Dart              |     6 |    10 |     6 |    27 |       |       ||    49
         Javelin           |     2 |     1 |     1 |     4 |       |       ||     8
         Boomerang         |       |       |     6 |     1 |       |       ||     7
 Invoke: Minor Destruction |       |       |       |    79 |   448 |       ||   527
         Lesser Servant of |       |       |       |     1 |       |       ||     1
         Major Destruction |       |       |       |       |     4 |       ||     4
         Greater Servant o |       |       |       |       |     3 |       ||     3
    Use: Scroll            |     3 |     4 |     6 |    14 |    11 |       ||    38
         Potion            |       |       |       |     1 |     3 |       ||     4
   Stab: Held in net/web   |     1 |       |       |       |       |       ||     1
         Invisible         |       |     2 |     2 |     8 |       |       ||    12
 Armour: Leather armour    |    25 |       |       |       |       |       ||    25
         Ring mail         |    35 |    91 |    68 |       |       |       ||   194
         Skin              |       |     5 |       |    30 |       |       ||    35
         Chain mail        |       |       |    57 |   303 |   340 |       ||   700
         Plate armour      |       |       |       |       |   249 |   137 ||   386
  Dodge: Dodged            |    67 |    90 |    82 |   205 |   314 |    48 ||   806
  Block: Other             |       |       |    19 |    69 |    78 |     9 ||   175

Table legend: (Time is in decaauts)
 A = Elapsed time spent in this place.
 B = Non-inter-level travel time spent in this place.
 C = Inter-level travel time spent in this place.
 D = Time resting spent in this place.
 E = Time spent auto-exploring this place.
 F = Levels seen in this place.
 G = Mean time per level.
                   A        B        C        D        E       F      G
               +--------+--------+--------+--------+--------+-----+--------+
         Total |  27275 |  24831 |   2444 |    800 |  18518 |  25 | 1091.0 |
       Dungeon |  16827 |  15156 |   1671 |    385 |  11478 |  15 | 1121.8 |
        Temple |    124 |    124 |      0 |    100 |      0 |   1 |  124.0 |
          Lair |   6754 |   6187 |    567 |    286 |   4632 |   5 | 1350.8 |
  Orcish Mines |   2584 |   2378 |    206 |     22 |   1876 |   2 | 1292.0 |
       Ossuary |    388 |    388 |      0 |      5 |    199 |   1 |  388.0 |
      Gauntlet |    595 |    595 |      0 |      0 |    332 |   1 |  595.0 |
               +--------+--------+--------+--------+--------+-----+--------+

Top non-repeatable levels by time:
  Lair:2: 2385 daAuts
    D:11: 1669 daAuts
     D:2: 1646 daAuts
   Orc:2: 1570 daAuts
  Lair:5: 1558 daAuts
     D:1: 1502 daAuts
     D:9: 1417 daAuts
     D:3: 1391 daAuts
     D:4: 1377 daAuts
    D:12: 1083 daAuts
     D:7: 1047 daAuts
     D:6: 1042 daAuts
   Orc:1: 1014 daAuts
  Lair:3: 1010 daAuts
    D:10: 984 daAuts
